 Dungeon Crawl Stone Soup version 0.29.1-12-g30fa7ad0bf (webtiles) character file.

Game seed: 11757599649989693979

903 zeram the Skirmisher (level 7, -3/33 HPs)
             Began as a Spriggan Hunter on Jan 4, 2023.
             Was an Initiate of Gozag.
             Slain by an adder (4 damage)
             ... in a sewer.
             The game lasted 00:14:37 (6976 turns).

zeram the Skirmisher (Spriggan Hunter)              Turns: 6976, Time: 00:14:38

Health: -3/33      AC:  4    Str:  7    XL:     7   Next: 80%
Magic:  8/8        EV: 19    Int: 12    God:    Gozag
Gold:   514        SH:  0    Dex: 19    Spells: 6/6 levels left

rFire   . . .      SeeInvis +   a - +0 shortbow (chaos)
rCold   . . .      Faith    .   (shield currently unavailable)
rNeg    . . .      Spirit   .   c - +0 robe
rPois   .          Reflect  .   (helmet restricted)
rElec   .          Harm     .   i - +1 cloak
rCorr   .          Rampage  .   (gloves unavailable)
Will    +....                   (boots unavailable)
Stlth   ++........              (no amulet)
HPRegen 0.11/turn               (no ring)
MPRegen 0.11/turn               (no ring)

@: about to teleport, very quick
A: very small, no large weapons, unfitting armour, see invisible, speed 3
a: Renounce Religion, Potion Petition, Call Merchant, Bribe Branch


You were in a sewer.
You worshipped Gozag.
Gozag was pleased with you.
You visited 1 branch of the dungeon, and saw 6 of its levels.
You also visited: Sewer.

You collected 703 gold pieces.
You spent 95 gold pieces at shops.
You paid 94 gold pieces to Gozag.

Inventory:

Hand Weapons
 a - a +0 shortbow of chaos (weapon)
 g - a +0 dagger of holy wrath
 h - a +1 dagger of pain
Missiles
 r - 2 throwing nets
Armour
 c - a +0 robe (worn)
 i - a +1 cloak (worn)
Jewellery
 l - an amulet of guardian spirit
 t - a +6 ring of intelligence
Wands
 f - a wand of charming (20)
 u - a wand of roots (8)
Scrolls
 b - 3 scrolls of immolation
 k - a scroll of poison
 x - a scroll of enchant weapon {unknown}
 y - a scroll of blinking {unknown}
Potions
 d - 2 potions of ambrosia
 e - 4 potions of curing
 j - 2 potions of lignification
 m - a potion of brilliance
 n - 2 potions of resistance
 o - a potion of invisibility
 p - 3 potions of degeneration
 q - a potion of flight {unknown}
 s - a potion of heal wounds {unknown}
 v - a potion of berserk rage {unknown}


   Skills:
 - Level 1.5 Fighting
 + Level 9.5 Ranged Weapons
 + Level 4.1 Dodging
 - Level 1.5 Stealth


You had 6 spell levels left.
You didn't know any spells.
Your spell library contained the following spells:

 Spells                   Type           Power      Damage    Failure   Level
 Sandblast                Erth           0%         2d4       32%         1
 Passwall                 Tmut/Erth      0%         N/A       45%         2
 Ozocubu's Armour         Ice            0%         N/A       69%         3
 Stone Arrow              Conj/Erth      0%         3d7       69%         3
 Summon Guardian Golem    Hex/Summ       0%         N/A       69%         3
 Orb of Destruction       Conj           0%         9d5       100%        7
 Ozocubu's Refrigeration  Ice            0%         4d7       100%        7
 Spellforged Servitor     Conj/Summ      0%         N/A       100%        7


Dungeon Overview and Level Annotations

Branches:
Dungeon (6/15)              Sewer (1/1)
 Temple: D:4-7

Altars:
Cheibriados
Gozag
Nemelex Xobeh

Shops:
D:2 *

Annotations:
D:6 Maggie


Innate Abilities, Weirdness & Mutations

You are very small and have problems with some larger weapons.
You are too small for most types of armour.
You have supernaturally acute eyesight. (SInv)
You cover ground extremely quickly. (Speed+++)


Message History

The bullfrog attacks as you move away! The bullfrog barely misses you.
You feel sick.
The bullfrog is no longer distracted by gold.
The ball python is no longer distracted by gold.
The bullfrog hits you. The adder completely misses you.
The bullfrog misses you. Why would you want to do that?
Why would you want to do that?
Really attack while wielding your +0 shortbow of chaos?
Okay, then.
The bullfrog attacks as you move away! The bullfrog hits you.
You feel sick. The bullfrog misses you. The adder bites you.
The adder barely misses you. The bullfrog attacks as you move away!
The bullfrog closely misses you.
You feel sick. The adder bites you.
* * * LOW HITPOINT WARNING * * *
You are more poisoned.
The adder poisons you!
The bullfrog hits you but does no damage.
The ball python closely misses you. x2; The bullfrog closely misses you.
You feel sick. The ball python barely misses you.
The ball python closely misses you. The bullfrog barely misses you.
The adder bites you.
* * * LOW HITPOINT WARNING * * *
You feel sick. The adder completely misses you. The adder misses you.
The bullfrog completely misses you. The adder misses you.
You feel sick. The bullfrog hits you.
* * * LOW HITPOINT WARNING * * *
The bullfrog misses you.
* * * LOW HITPOINT WARNING * * *
You feel sick. The adder bites you.
* * * LOW HITPOINT WARNING * * *
You feel better. The bullfrog closely misses you. The bullfrog hits you.
* * * LOW HITPOINT WARNING * * *
As you read the scroll of teleportation, it crumbles to dust.
You feel strangely unstable. The bullfrog hits you.
* * * LOW HITPOINT WARNING * * *
The adder bites you.
You die...
Your body crumbles into a pile of gold.

##...## #...#####
#....'..# #....#..#
##...####
#....###############
#...S.#≈≈≈≈≈≈≈≈≈≈≈≈≈
##.SF.~≈~~≈~≈≈≈≈≈~~~
#.@F.~l~~~≈≈≈≈≈≈≈J~
#.SS..~≈≈~~~≈~≈#$~≈
##.S..~≈~~≈#~..~#
###.#~≈≈≈≈~≈≈≈≈≈≈≈
################


You could see 2 bullfrogs, 2 adders, 3 ball pythons and a frilled lizard.

Vanquished Creatures
  A black bear (D:5)
  An ogre (D:5)
  2 phantoms (D:5)
  An orc priest (D:4)
  4 iguanas
  An orc wizard (D:4)
  A mummy (D:5)
  6 gnolls
  5 adders
  7 river rats (Sewer)
  A shadow imp (D:6)
  2 white imps (D:5)
  3 ufetubi
  5 worms
  5 dart slugs
  10 orcs
  14 ball pythons
  11 endoplasms
  12 giant cockroaches
  9 goblins
  7 hobgoblins
  5 jackals
  8 quokkas
  3 bats
  6 frilled lizards
  7 kobolds
  22 rats
  A spectral kobold (D:3)
160 creatures vanquished.

Notes
Turn   | Place    | Note
-------+----------+-------------------------------------------
     0 | D:1      | zeram the Spriggan Hunter began the quest for the Orb.
     0 | D:1      | Reached XP level 1. HP: 10/10 MP: 2/2
   125 | D:1      | Reached XP level 2. HP: 14/14 MP: 3/3
   772 | D:1      | Reached XP level 3. HP: 18/18 MP: 4/4
   804 | D:1      | Reached skill level 5 in Ranged Weapons
  1674 | D:2      | Found Behubi's General Store.
  1690 | D:2      | Bought a scroll of brand weapon for 95 gold pieces
  1872 | D:2      | Identified the +0 pair of gloves of Vlad {rPois rF+ rCorr
                  | Slay+3}
  1878 | D:2      | Reached XP level 4. HP: 22/22 MP: 5/5
  3053 | D:4      | Reached skill level 6 in Ranged Weapons
  3336 | D:3      | Reached XP level 5. HP: 25/25 MP: 6/6
  3444 | D:3      | Found a faded altar of an unknown god.
  3635 | D:3      | Found a sparkling altar of Nemelex Xobeh.
  4224 | D:4      | Reached skill level 7 in Ranged Weapons
  4224 | D:4      | Reached XP level 6. HP: 12/30 MP: 7/7
  4850 | D:5      | Entered Level 5 of the Dungeon
  4919 | D:5      | Found an opulent altar of Gozag.
  4927 | D:5      | Became a worshipper of Gozag Ym Sagoz the Greedy
  4937 | D:5      | Reached skill level 8 in Ranged Weapons
  5242 | D:5      | Found a snail-covered altar of Cheibriados.
  5325 | D:5      | Reached XP level 7. HP: 18/33 MP: 8/8
  6017 | D:5      | Reached skill level 9 in Ranged Weapons
  6375 | D:6      | Noticed Maggie
  6559 | D:6      | Found a glowing drain.
  6571 | Sewer    | Entered a sewer
  6974 | Sewer    | HP: 1/33 [adder (1)]
  6976 | Sewer    | Slain by an adder

Illustrated notes

Levels and vault maps discovered:
D:1:      sevenhm_arrival_forest_fort_large_4, layout_basic
D:2:      layout_rooms, serial_shops, shop
D:3:      layout_basic, nemelex_spade_bored_becter,
          dreamdust_ecumenical_altar_drowned_temple
D:4:      layout_basic
D:5:      layout_basic, grunt_gozag_breadcrumbs, slow_altar_1
D:6:      layout_cave_pools, mainiacjoe_overflow_chevrons, gup_sewer_entry_pipe,
          minmay_misc_feat_x, uniq_maggie
Sewer:    sewer_minmay_w

Skill      XL: |  1  2  3  4  5  6  7 |
---------------+----------------------+-----
Ranged Weapons | 5 6 7 8 9 |  9.5
Dodging        | 3 4 |  4.1
Fighting       | |  1.5
Stealth        | |  1.5

Action                   |  1- 3 |  4- 6 |  7- 9 || total
-------------------------+-------+-------+-------++-------
 Fire: Shortbow          |   137 |   177 |   166 ||   480
  Use: Scroll            |     5 |    10 |     1 ||    16
       Potion            |       |       |     1 ||     1
Armor: Robe              |    10 |     3 |     9 ||    22
Dodge: Dodged            |    61 |    45 |    81 ||   187
